 Dungeon Crawl Stone Soup version 0.30.0-15-g856e2d3f33 (webtiles) character file.

Game seed: 8426350632332455464

2888 Firecrotchwizard the Cleaver (level 9, -3/81 (82) HPs)
             Began as a Hill Orc Monk on May 19, 2023.
             Was a Believer of Beogh.
             Succumbed to a wight's poison
             ... on level 7 of the Dungeon.
             The game lasted 00:14:22 (6670 turns).

Firecrotchwizard the Cleaver (Hill Orc Monk)        Turns: 6670, Time: 00:14:23

HP:   -3/81 (82)    AC: 13    Str: 18    XL:     9   Next: 77%
MP:   6/9           EV:  9    Int: 10    God:    Beogh [**....]
Gold: 262           SH:  0    Dex: 25    Spells: 8/8 levels left

rFire   . . .        s - +7 dagger (venom)
rCold   . . .        d - orb {light}
rNeg    . . .        k - +0 chain mail
rPois   .            w - +2 hat
rElec   .            N - +0 cloak
rCorr   .            (no gloves)
SInv    .            (no boots)
Will    .....        (no amulet) Stlth
                     C - +6 ring of dexterity
HPRegen 0.33/turn    p - +6 ring of dexterity
MPRegen 0.11/turn

%: no passive effects
@: lethally poisoned (-3 -> -19), glowing, lightly drained
A: no striking features
a: Renounce Religion, Smiting


You were on level 7 of the Dungeon.
You worshipped Beogh.
Beogh was pleased with you.
You visited 1 branch of the dungeon, and saw 7 of its levels.

You collected 388 gold pieces.
You spent 126 gold pieces at shops.

Inventory:

Hand Weapons
 a - a +0 hand axe
 f - a +2 short sword of venom
 s - a +7 dagger of venom (weapon)
Missiles
 i - 5 boomerangs of dispersal (quivered)
 m - 3 poisoned darts
 O - a throwing net {@!f}
Armour
 b - a +0 robe
 d - an orb of light (worn)
 k - a +0 chain mail (worn)
 t - a +0 scale mail
 u - a +0 helmet
 w - a +2 hat (worn)
 N - a +0 cloak (worn)
Jewellery
 p - a +6 ring of dexterity (right hand)
 C - a +6 ring of dexterity (left hand)
 E - an amulet of guardian spirit
 I - a ring of see invisible
Wands
 z - a wand of digging (3)
 H - a wand of flame (67)
Scrolls
 n - 4 scrolls of identify {unknown}
 o - a scroll of enchant armour {unknown}
 q - 2 scrolls of magic mapping {unknown}
 x - 4 scrolls of teleportation {unknown}
 y - 2 scrolls of silence {unknown}
 A - a scroll of noise {unknown}
 B - a scroll of blinking {unknown}
 J - a scroll of fear {unknown}
 K - a scroll of enchant weapon {unknown}
 L - a scroll of amnesia {unknown}
Potions
 c - a potion of ambrosia
 e - 3 potions of berserk rage {unknown}
 g - a potion of resistance {unknown}
 h - a potion of degeneration {unknown}
 j - 4 potions of lignification {unknown}
 l - a potion of flight {unknown}
 r - 2 potions of invisibility {unknown}
 v - a potion of might
 D - 2 potions of heal wounds {unknown}
 F - 2 potions of mutation {unknown}
 G - a potion of magic {unknown}
 M - a potion of curing {unknown}


   Skills:
 + Level 8.7 Fighting
 * Level 12.7 Axes
 + Level 7.0 Armour
 - Level 2.4 Dodging


You had 8 spell levels left.
You didn't know any spells.
Your spell library was empty.

Dungeon Overview and Level Annotations

Branches:
Dungeon (7/15)             Temple (0/1) D:5

Altars:
Gozag
Hepliaklqana
Kikubaaqudgha
Makhleb
Qazlal
Sif Muna
Uskayaw
Vehumet
Yredelemnul
Zin
The Shining One

Shops:
D:3 [   D:5 :


Message History

The orc wizard gestures wildly while chanting.
The orc wizard flickers and vanishes for a moment.
You hit the wight.
The wight is severely damaged.
The scorpion stings you.
You are poisoned.
The scorpion poisons you! The wight barely misses you.
The orc hits you but does no damage.
You hit the wight.
The wight is severely damaged.
You feel sick. The scorpion completely misses you.
The scorpion stings you but does no damage.
The wight hits you with a +3 dire flail.
You feel drained. The orc hits you with a +0 dagger.
You hit the wight.
You destroy the wight!
Beogh accepts your kill.
You feel sick. The scorpion barely misses you.
The orc hits you but does no damage.
Your Armour skill increases to level 7!
You hit the scorpion.
The scorpion is poisoned.
The scorpion is moderately wounded.
You feel sick. The scorpion stings you.
You are more poisoned.
The scorpion poisons you! The wight hits you but does no damage.
You feel very sick. The scorpion attacks as you move away!
The scorpion stings you but does no damage.
You feel very sick.
You hit the scorpion.
The scorpion is almost dead.
You feel sick.
The scorpion stings you but does no damage. x2
The orc barely misses you.
You puncture the orc!
You kill the orc!
Beogh accepts your kill.
You feel sick.
You kill the scorpion!
Beogh accepts your kill.
Your life force feels restored.
You puncture the orc!
You kill the orc!
Beogh accepts your kill.
You feel sick. The wight hits you but does no damage.
You are more poisoned.
You hit the orc wizard.
The orc wizard is poisoned.
The orc wizard is lightly wounded.
You feel sick.
The wight hits you with a +0 short sword of venom.
* * * LOW HITPOINT WARNING * * *
You feel drained.
You are more poisoned.
The orc wizard hits you but does no damage.
The orc wizard attacks as you move away!
The orc wizard hits you with a +0 dagger.
* * * LOW HITPOINT WARNING * * *
You feel very sick.
The orc priest calls upon Beogh to heal the orc wizard.
The orc wizard's wounds heal themselves!
You hit the wight.
The wight is moderately damaged.
You feel very sick.
The orc hits the orc priest but does no damage.
The wight hits you but does no damage.
Something hits the wight!
You barely miss the wight.
The wight is moderately damaged.
You feel sick.
The wight hits something with a +0 mace!
The wight hits you with a +0 short sword of venom.
* * * LOW HITPOINT WARNING * * *
You are more poisoned.
The orc wizard casts a spell at you. The puff of flame hits you.
* * * LOW HITPOINT WARNING * * *
The orc priest invokes the aid of Beogh against you.
Beogh smites you!
* * * LOW HITPOINT WARNING * * *
Something hits the wight!
The wight is destroyed!
You hit the orc wizard.
The orc wizard looks as sick as possible!
The orc wizard is heavily wounded.
* * * LOW HITPOINT WARNING * * *
You feel very sick. The wight closely misses you.
You puncture the orc priest!
The orc priest is poisoned.
The orc priest is heavily wounded.
* * * LOW HITPOINT WARNING * * *
You feel very sick. The wight hits you but does no damage.
You are more poisoned.
The orc wizard hits you but does no damage.
The orc priest barely misses you.
Aiming: Smiting
Press: ? - help, Dir - move target, f - wight Smite: a wight, wielding a +0 short sword of venom and wearing a +0 robe (moderately damaged, haloed)
You smite the wight!
The wight is almost destroyed.
You die...

.............................#
..............†..............#
........)....................#
......................<......#
####...####'######...##.##...#
####...# ##.##..#######'## ..#
..#......................#
..#.............oo.......#..
..#$............@z5..........
#.##.########...##).o........#
###### #### #))...####### #
#...z.)).....# #
#.....o......# #
#............# #
##...###....## # #... ######
#...


You could see a wight, an orc priest (very poisoned), an orc wizard (invisible,
extremely poisoned), a shadow imp and a neutral orc (wandering).

Vanquished Creatures
  Grinder (D:4)
  Sigmund (D:6)
  3 yaks (D:6)
  A steam dragon (D:6)
  Menkaure (D:5)
  A sky beast (D:7)
  3 ice beasts
  A hornet zombie (D:6)
  A centaur (D:7)
  An ogre (D:7)
  A phantom (D:4)
  A wyvern zombie (D:6)
  A scorpion (D:7)
  4 wights
  A howler monkey (D:4)
  A crimson imp (D:4)
  3 bullfrog zombies (D:6)
  4 hounds
  Jessica (D:2)
  An iguana (D:4)
  3 sleepcaps
  Ijyb (D:5)
  2 hell rats (D:7)
  An orc wizard (D:3)
  2 killer bee zombies (D:6)
  7 gnolls
  7 adders
  6 river rats (D:7)
  A shadow imp (D:5)
  An ufetubus (D:3)
  A dart slug (D:4)
  17 orcs
  5 endoplasms
  5 giant cockroaches
  4 goblins
  4 hobgoblins
  4 jackals
  8 kobolds
  5 quokkas
  5 ball pythons
  4 bats
  A frilled lizard (D:3)
  17 rats (D:7)
143 creatures vanquished.

Vanquished Creatures (others)
  A wight (D:7)
  An orc priest (D:7)
  An orc (D:7)
3 creatures vanquished.

Grand Total: 146 creatures vanquished

Notes
Turn   | Place    | Note
-------+----------+-------------------------------------------
     0 | D:1      | Firecrotchwizard the Hill Orc Monk began the quest for the
                  | Orb.
     0 | D:1      | Reached XP level 1. HP: 19/19 MP: 1/1
   599 | D:2      | Reached XP level 2. HP: 27/27 MP: 2/2
   611 | D:2      | Noticed Jessica
   619 | D:2      | Killed Jessica
   620 | D:2      | Reached skill level 5 in Axes
   620 | D:2      | Reached skill level 1 in Armour
   620 | D:2      | Reached XP level 3. HP: 14/33 MP: 3/3
   705 | D:2      | Identified the +1 robe "Ymiciul" {rC++}
   754 | D:2      | Found a faded altar of an unknown god.
  1156 | D:3      | Reached XP level 4. HP: 10/41 MP: 4/4
  1575 | D:3      | Reached XP level 5. HP: 47/47 MP: 5/5
  1582 | D:3      | Reached skill level 6 in Axes
  1622 | D:3      | Found Rantiug's Antique Armour Emporium.
  1631 | D:3      | Bought a helmet for 126 gold pieces
  1949 | D:3      | Found a glowing silver altar of Zin.
  1950 | D:3      | Found an opulent altar of Gozag.
  2635 | D:4      | Reached skill level 5 in Fighting
  2635 | D:4      | Reached XP level 6. HP: 21/56 MP: 6/6
  2883 | D:4      | Reached skill level 7 in Axes
  3082 | D:4      | Found a burning altar of Makhleb.
  3083 | D:4      | Found a radiant altar of Vehumet.
  3118 | D:4      | Found an ancient bone altar of Kikubaaqudgha.
  3200 | D:4      | Noticed Grinder
  3216 | D:4      | Paralysed by Grinder for 5 turns
  3224 | D:4      | Paralysed by Grinder for 5 turns
  3225 | D:4      | Killed Grinder
  3226 | D:4      | Reached skill level 8 in Axes
  3226 | D:4      | Reached XP level 7. HP: 28/62 MP: 7/7
  3591 | D:5      | Entered Level 5 of the Dungeon
  3591 | D:5      | Noticed a walking crystal tome
  3591 | D:5      | Found Awiheh Fedd's Book Shop.
  3593 | D:5      | Noticed a walking crystal tome
  3674 | D:5      | Found a staircase to the Ecumenical Temple.
  3743 | D:5      | Found a hide-covered altar of Uskayaw.
  3847 | D:5      | Noticed Menkaure
  3868 | D:5      | Killed Menkaure
  3869 | D:5      | Reached skill level 9 in Axes
  3869 | D:5      | Reached XP level 8. HP: 53/71 MP: 8/8
  3937 | D:5      | Noticed Ijyb
  3954 | D:5      | Killed Ijyb
  4251 | D:5      | Found a glowing golden altar of the Shining One.
  4472 | D:6      | Found a basalt altar of Yredelemnul.
  4625 | D:6      | Reached skill level 5 in Armour
  4734 | D:6      | Noticed Sigmund
  4735 | D:6      | Reached skill level 10 in Axes
  4744 | D:6      | Killed Sigmund
  4830 | D:6      | Found a shimmering blue altar of Sif Muna.
  5015 | D:6      | Noticed a yak
  5016 | D:6      | Noticed a yak
  5017 | D:6      | Noticed a yak
  5027 | D:6      | Killed a yak
  5028 | D:6      | Reached skill level 11 in Axes
  5028 | D:6      | Reached XP level 9. HP: 70/79 MP: 9/9
  5326 | D:6      | Found a stormy altar of Qazlal.
  5358 | D:6      | Found a hazy altar of Hepliaklqana.
  5984 | D:7      | Reached skill level 12 in Axes
  6646 | D:7      | Became a worshipper of Beogh the Brigand
  6646 | D:7      | Reached * piety under Beogh
  6646 | D:7      | Reached ** piety under Beogh
  6668 | D:7      | HP: 3/81 [poisoned by a wight]
  6669 | D:7      | HP: 1/81 [poisoned by a wight]
  6670 | D:7      | Succumbed to a wight's poison

Illustrated notes

Levels and vault maps discovered:
D:1:      heliophobic_arrival_ceremonial_halls, layout_loops_ring
D:2:      layout_rooms, hellmonk_ecumenical_altar_inner_sanctum,
          uniq_crazy_yiuf_cottage, uniq_jessica
D:3:      layout_basic, grunt_temple_overflow_gold_and_silver, serial_shops,
          nicolae_shop_tiny_waterfront, minivault_14
D:4:      layout_cave_pools, grunt_temple_overflow_lords_of_destruction,
          kiku_gazebo_pond_becter, dk_noncrumbling_4, uniq_grinder
D:5:      layout_loops_ring, lemuel_doored_altar,
          nicolae_tso_swordbearing_angel, temple_pool_b, serial_shops,
          nicolae_shop_mannequins, uniq_ijyb, uniq_menkaure
D:6:      layout_cave_pools, lemuel_crystal_altar, nzn_hepliaklqana_mist_gate,
          mainiacjoe_overflow_tiny_flanked, nicolae_yredelemnul_corpse_copse,
          uniq_sigmund
D:7:      lemuel_ratsnest, layout_gridville

Skill      XL: |  1  2  3  4  5  6  7  8  9 |
---------------+----------------------------+-----
Fighting       | 4 5 6 7 8 |  8.7
Axes           | 5 6 8 9 11 12 | 12.7
Armour         | 1 2 3 4 5 7 |  7.0
Dodging        | |  2.4

Action                     |  1- 3 |  4- 6 |  7- 9 || total
---------------------------+-------+-------+-------++-------
  Melee: Short sword       |    36 |   176 |    45 ||   257
         Hand axe          |     3 |       |    10 ||    13
         Dagger            |       |       |   241 ||   241
 Invoke: Smiting           |       |       |     1 ||     1
         Convert to Beogh  |       |       |     1 ||     1
  Evoke: Wand              |       |       |     2 ||     2
 Armour: Robe              |     4 |       |       ||     4
         Scale mail        |       |    83 |    82 ||   165
         Chain mail        |       |       |    52 ||    52
  Dodge: Dodged            |    30 |   125 |   142 ||   297
